 Dungeon Crawl Stone Soup version 0.31-a0-155-gb63f529262 (webtiles) character file.

Game seed: 1748099186763692213

6 Eddy6969 the Conjurer (level 1, -2/12 HPs)
             Began as a Gargoyle Reaver on June 12, 2023.
             Slain by a quokka (4 damage)
             ... on level 1 of the Dungeon.
             The game lasted 00:17:02 (480 turns).

Eddy6969 the Conjurer (Gargoyle Reaver)              Turns: 480, Time: 00:17:03

Health: -2/12      AC:  5    Str: 15    XL:     1   Next: 90%
Magic:  3/3        EV: 11    Int: 13    God:
Gold:   33         SH:  0    Dex:  8    Spells: 3/4 levels left

rFire   . . .        a - +0 mace
rCold   . . .        (no shield)
rNeg    + . .        b - +0 leather armour
rPois   ∞            (no helmet)
rElec   +            (no cloak)
rCorr   .            (no gloves)
SInv    .            (no boots)
Will    .....        (no amulet)
Stlth   +            (no ring)
HPRegen 0.22/turn    (no ring)
MPRegen 0.08/turn

%: no passive effects
@: no status effects
A: sickness immunity, AC +2, negative energy resistance 1, electricity
resistance, torment resistance 1, petrification resistance
a: no special abilities


You were on level 1 of the Dungeon.
You visited 1 branch of the dungeon, and saw 1 of its levels.

You collected 33 gold pieces.

Inventory:

Hand Weapons
 a - a +0 mace (weapon)
Armour
 b - a +0 leather armour (worn)
Jewellery
 d - a ring of see invisible


   Skills:
 + Level 2.1 Fighting
 + Level 3.1 Maces & Flails
 + Level 1.5 Dodging
 + Level 2.0 Spellcasting
 + Level 3.7 Conjurations


You had 3 spell levels left.
You knew the following spells:

 Your Spells              Type           Power      Damage    Failure   Level
a - Kiss of Death         Conj/Necr      24%        2d7       14%         1

Your spell library contained the following spells:

 Spells                   Type           Power      Damage    Failure   Level
 Momentum Strike          Conj/Tloc      12%        3d8       22%         2
 Hailstorm                Conj/Ice       6%         3d4       41%         3


Dungeon Overview and Level Annotations

Branches:
Dungeon (1/15)

Altars:


Innate Abilities, Weirdness & Mutations

You are immune to sickness and miasma.
Your stone body is resilient. (AC +2)
You are immune to poison.
You resist negative energy. (rN+)
You are resistant to electric shocks. (rElec)
You are resistant to unholy torment.
You are immune to petrification.


Message History

Found 5 stones.
There are no items here.
A quokka comes into view.
Really attack while wielding nothing? [Y]es or [N]o only, please.
Really attack while wielding nothing?
Okay, then.
a - a +0 mace (weapon)
The quokka bites you.
Keep equipping yourself? [Y]es or [N]o only, please.
Keep equipping yourself?
Uppercase [Y]es or [N]o only, please.
Keep equipping yourself?
The quokka closely misses you.
You start putting on your armour.
You continue putting on your +0 leather armour.
The quokka bites you.
* * * LOW HITPOINT WARNING * * *
You continue putting on your +0 leather armour.
The quokka closely misses you.
You continue putting on your +0 leather armour.
The quokka bites you.
* * * LOW HITPOINT WARNING * * *
You continue putting on your +0 leather armour.
The quokka bites you.
* * * LOW HITPOINT WARNING * * *
You finish putting on your +0 leather armour.
Unknown command.
Unknown command.
Unknown command.
The quokka attacks as you move away! The quokka barely misses you.
The quokka bites you but does no damage.
The quokka closely misses you. The quokka closely misses you.
The quokka misses you. The quokka bites you.
* * * LOW HITPOINT WARNING * * *
The quokka bites you.
You die...

#.#.# #...........
#.#.# #####....##.
#...# ###.....#..
##### ##....###....
#########..### ##...
#.........## #####...
#.......###..........
#...........# #####..
#..(@...##### #..
#..r....# #..
######### #.. ###


You could see a quokka.

Vanquished Creatures
  An endoplasm (D:1)
  A hobgoblin (D:1)
  2 bats (D:1)
  A frilled lizard (D:1)
  A rat (D:1)
6 creatures vanquished.

Notes
Turn   | Place    | Note
-------+----------+-------------------------------------------
     0 | D:1      | Eddy6969 the Gargoyle Reaver began the quest for the Orb.
     0 | D:1      | Reached XP level 1. HP: 12/12 MP: 3/3
   480 | D:1      | Slain by a quokka

Illustrated notes

Levels and vault maps discovered:
D:1:      minmay_arrival_four_houses, layout_rooms

Action                     || total
---------------------------++-------
  Melee: Mace              ||    23
         Punch             ||     1
    Use: Scroll            ||     1
 Armour: Leather armour    ||    18
         Skin              ||     1
  Dodge: Dodged            ||    35

Table legend: (Time is in decaauts)
 A = Elapsed time spent in this place.
 B = Non-inter-level travel time spent in this place.
 C = Inter-level travel time spent in this place.
 D = Time resting spent in this place.
 E = Time spent auto-exploring this place.
 F = Levels seen in this place.
 G = Mean time per level.
                   A        B        C        D        E       F      G
               +--------+--------+--------+--------+--------+-----+--------+
         Total |    484 |    484 |      0 |      0 |      8 |   1 |  484.0 |
       Dungeon |    484 |    484 |      0 |      0 |      8 |   1 |  484.0 |
               +--------+--------+--------+--------+--------+-----+--------+

Top non-repeatable levels by time:
     D:1: 484 daAuts
